 Dungeon Sprint DCSS version 0.28-b1-25-g9875b3fc8c (webtiles) character file.

Game seed: 17094313721464214243

6707 rocky1 the Blocker (level 11, -1/100 HPs)
             Began as a Naga Fighter on Feb 3, 2022.
             Was the Champion of Okawaru.
             Slain by a two-headed ogre (15 damage)
             ... in the Dungeon (Sprint VII: "The Pits").
             The game lasted 00:11:34 (2710 turns).

rocky1 the Blocker (Naga Fighter)                   Turns: 2710, Time: 00:11:35

Health: -1/100     AC: 15    Str: 23    XL:     11   Next: 3%
Magic:  16/16      EV: 14    Int:  8    God:    Okawaru [******]
Gold:   0          SH:  8    Dex: 14    Spells: 10/10 levels left

rFire   . . .      SeeInvis +   r - +2 scimitar (vorpal)
rCold   . . .      Faith    .   c - +0 buckler
rNeg    . . .      Spirit   .   u - +5 ring mail
rPois   +          Reflect  .   s - +0 helmet
rElec   .          Harm     .   t - +0 cloak
rCorr   .          Rampage  .   (no gloves)
Will    +....      NoTele   +   (no barding)
Stlth   +.........              (no amulet)
HPRegen 0.26/turn               d - +3 ring of dexterity
MPRegen 0.15/turn               o - +3 ring of evasion

@: on berserk cooldown, slowed, very slow
A: AC +3, large, see invisible, deformed body, poison resistance, slowness 2,
spit poison 1, naga tail 1
a: Spit Poison, Renounce Religion, Heroism, Finesse


You were in the Dungeon.
You worshipped Okawaru.
Okawaru was exalted by your worship.
You visited 1 branch

Inventory:

Hand Weapons
 b - a +2 scimitar of protection
 m - a +2 vorpal morningstar
 n - a +1 long sword of holy wrath
 r - a +2 vorpal scimitar (weapon)
Missiles
 j - 2 silver javelins
Armour
 c - a +0 buckler (worn)
 s - a +0 helmet (worn)
 t - a +0 cloak (worn)
 u - a +5 ring mail (worn)
Jewellery
 d - a +3 ring of dexterity (left hand)
 o - a +3 ring of evasion (right hand)
Wands
 a - a wand of iceblast (14)
 v - a wand of flame (4)
Scrolls
 l - 5 scrolls of amnesia
Potions
 e - 8 potions of curing
 f - 3 potions of heal wounds
 g - a potion of haste
 h - 4 potions of magic
 i - a potion of berserk rage
 k - 2 potions of invisibility
 p - 2 potions of might
 q - a potion of brilliance


   Skills:
 + Level 7.3 Fighting
 - Level 14.0 Long Blades
 + Level 6.2 Armour
 + Level 5.5 Dodging
 + Level 14.1 Shields
 + Level 7.1 Invocations
 + Level 6.6 Evocations


You had 10 spell levels left.
You didn't know any spells.
Your spell library was empty.

Dungeon Overview and Level Annotations

Branches:
Dungeon (1/1)

Altars:
Ashenzari
Cheibriados
Dithmenos
Elyvilon
Fedhas
Gozag
Hepliaklqana
Kikubaaqudgha
Makhleb
Nemelex Xobeh
Okawaru
Qazlal
Ru
Sif Muna
Trog
Uskayaw
Vehumet
Wu Jian
Xom
Yredelemnul
Zin
The Shining One
Beogh
Jiyva
Lugonu


Innate Abilities, Weirdness & Mutations

Your serpentine skin is tough. (AC +3)
You have supernaturally acute eyesight. (SInv)
Armour fits poorly on your strangely shaped body.
Your system is resistant to poisons. (rPois)
You cover ground very slowly.
You can spit poison.
You have a snake-like lower body.


Message History

Unknown command.
You barely miss the hornet.
The hornet is almost dead.
The hornet stings you!
* * * LOW HITPOINT WARNING * * *
You block the kobold demonologist's attack.
You slash the hornet!
You kill the hornet!
Okawaru is honoured by your kill.
Your Invocations skill increases to level 7!
You have reached level 11!
You slash the kobold demonologist!
The kobold demonologist is heavily wounded.
The kobold demonologist gestures wildly while chanting.
You closely miss the kobold demonologist.
The kobold demonologist is heavily wounded.
Unknown command.
You slice the kobold demonologist!!
You kill the kobold demonologist!
Okawaru accepts your kill.
The crimson imp disappears in a puff of smoke!
The white imp disappears in a puff of smoke!
The ufetubus disappears in a puff of smoke!
The smoke demon disappears in a puff of smoke!
The orange demon disappears in a puff of smoke!
The two-headed ogre hits you with a +0 giant club!
* * * LOW HITPOINT WARNING * * *
The two-headed ogre misses you.
You slash the two-headed ogre!
The two-headed ogre is moderately wounded.
You slash the two-headed ogre!
The two-headed ogre is heavily wounded.
Unknown command.
You slash the two-headed ogre!
The two-headed ogre is severely wounded.
You are no longer berserk.
You are exhausted.
You feel yourself slow down.
The two-headed ogre hits you with a +0 giant club!
You die...

''###### ''# ########
#### ..#
##......###...##
..###..#)#.........#
..##..##.##.....#..
..##.##...##...### #
..####.....##.##.# .##
...##÷.....#...#.#...#
...÷'(.....'.§§)@O...+
...##).....#.§§#.#...#
..####.....##.##§# .##
..##.##...##...### #
..##..##.##.....# ..#
#..#'#.........# ..#
#......###...## ##
######## ####


You could see a two-headed ogre.

Vanquished Creatures
  A sea snake (D)
  A swamp dragon (D)
  2 unseen horrors (D)
  2 kobold demonologists (D)
  A polar bear (D)
  A hornet (D)
  A tyrant leech (D)
  A tarantella (D)
  8 dream sheep (D)
  A flying skull (D)
  A wraith (D)
  3 yaks (D)
  A basilisk (D)
  2 spriggans (D)
  A steam dragon (D)
  A water moccasin (D)
  2 ice beasts (D)
  3 centaurs (D)
  A phantom (D)
  Blork the orc (D)
  A scorpion (D)
  3 wights (D)
  4 orc priests (D)
  An iron imp (D)
  A gnoll shaman (D)
  An orc wizard (D)
  Ijyb (D)
  3 gnolls (D)
  An ufetubus (D)
  An adder zombie (D)
  5 orcs (D)
  A bat skeleton (D)
  2 hobgoblins (D)
  8 jackals (D)
  A quokka (D)
  A ball python (D)
  A quokka skeleton (D)
  A rat (D)
72 creatures vanquished.

Notes
Turn   | Place    | Note
-------+----------+-------------------------------------------
     0 | D        | rocky1 the Naga Fighter began the quest for the Orb.
     0 | D        | Reached XP level 1. HP: 21/21 MP: 1/1
    18 | D        | Found a bloodstained altar of Trog.
    18 | D        | Found a shimmering blue altar of Sif Muna.
    18 | D        | Found a viscous altar of Jiyva.
    18 | D        | Found a hazy altar of Hepliaklqana.
    18 | D        | Found an opulent altar of Gozag.
    19 | D        | Found a glowing golden altar of the Shining One.
    19 | D        | Found a glowing silver altar of Zin.
    19 | D        | Found a basalt altar of Yredelemnul.
    19 | D        | Found a shimmering altar of Xom.
    19 | D        | Found an ornate altar of the Wu Jian Council.
    19 | D        | Found a sacrificial altar of Ru.
    19 | D        | Found a stormy altar of Qazlal.
    19 | D        | Found an iron altar of Okawaru.
    19 | D        | Found a sparkling altar of Nemelex Xobeh.
    19 | D        | Found a burning altar of Makhleb.
    19 | D        | Found a blossoming altar of Fedhas.
    19 | D        | Found a white marble altar of Elyvilon.
    19 | D        | Found a shadowy altar of Dithmenos.
    19 | D        | Found a snail-covered altar of Cheibriados.
    21 | D        | Found a radiant altar of Vehumet.
    21 | D        | Found a corrupted altar of Lugonu.
    22 | D        | Found a hide-covered altar of Uskayaw.
    22 | D        | Found an ancient bone altar of Kikubaaqudgha.
    22 | D        | Found a broken altar of Ashenzari.
    27 | D        | Became a worshipper of Warmaster Okawaru
    64 | D        | Noticed a scorpion
    66 | D        | Reached XP level 2. HP: 26/28 MP: 2/2
    87 | D        | Killed a scorpion
    88 | D        | Reached skill level 5 in Long Blades
    88 | D        | Reached skill level 5 in Shields
    88 | D        | Reached XP level 3. HP: 13/34 MP: 3/3
    88 | D        | Reached XP level 4. HP: 17/42 MP: 4/4
   309 | D        | Reached * piety under Okawaru
   310 | D        | Reached XP level 5. HP: 14/49 MP: 5/5
   748 | D        | Noticed Ijyb
   748 | D        | Noticed a flying skull
   748 | D        | Noticed a water moccasin
   774 | D        | Killed a flying skull
   774 | D        | Reached ** piety under Okawaru
   775 | D        | Reached XP level 6. HP: 27/56 MP: 6/6
   778 | D        | Killed a water moccasin
   779 | D        | Reached skill level 10 in Long Blades
   779 | D        | Reached XP level 7. HP: 31/62 MP: 7/7
   782 | D        | Killed Ijyb
  1064 | D        | Reached *** piety under Okawaru
  1077 | D        | Reached skill level 10 in Shields
  1089 | D        | Reached XP level 8. HP: 29/69 MP: 8/8
  1279 | D        | Noticed a wraith
  1306 | D        | Killed a wraith
  1306 | D        | Reached **** piety under Okawaru
  1614 | D        | Noticed a kobold demonologist
  1631 | D        | Killed a kobold demonologist
  1740 | D        | Noticed a tyrant leech
  1751 | D        | Noticed a sea snake
  1752 | D        | Noticed a dream sheep
  1754 | D        | Noticed a dream sheep
  1775 | D        | Killed a tyrant leech
  1778 | D        | Killed a sea snake
  1779 | D        | Reached XP level 9. HP: 67/75 MP: 1/9
  1784 | D        | Reached skill level 1 in Dodging
  1784 | D        | Reached skill level 1 in Invocations
  1784 | D        | Reached skill level 1 in Evocations
  2052 | D        | Noticed a polar bear
  2059 | D        | Killed a polar bear
  2100 | D        | Reached ***** piety under Okawaru
  2118 | D        | Reached skill level 5 in Fighting
  2118 | D        | Reached XP level 10. HP: 27/88 MP: 11/13
  2141 | D        | Reached skill level 5 in Invocations
  2216 | D        | Noticed an unseen horror
  2403 | D        | Reached skill level 5 in Armour
  2403 | D        | Reached skill level 5 in Evocations
  2409 | D        | Killed an unseen horror
  2419 | D        | Received a gift from Okawaru
  2433 | D        | Noticed Blork the orc
  2433 | D        | Noticed an unseen horror
  2444 | D        | Killed an unseen horror
  2447 | D        | Killed Blork the orc
  2675 | D        | Noticed a swamp dragon
  2675 | D        | Noticed a spriggan rider
  2677 | D        | Noticed a two-headed ogre
  2687 | D        | Killed a swamp dragon
  2687 | D        | Reached ****** piety under Okawaru
  2687 | D        | Noticed a kobold demonologist
  2688 | D        | Reached skill level 5 in Dodging
  2702 | D        | Noticed a smoke demon
  2705 | D        | Reached XP level 11. HP: 28/100 MP: 16/16
  2710 | D        | Slain by a two-headed ogre

Illustrated notes

Levels and vault maps discovered:
D:        pitsprint [storerooms_1, entrance_room_1, metal_vault_3, armoury_2,
          mini_pit_1, grid_room_1, main_hall_1, silver_pit, the_coven_2,
          the_vestibule_1, steel_vault_4, golden_pit, hallway_of_sentries,
          crystal_vault_4, iron_vault_1, final_vault]

Skill      XL: |  1  2  3  4  5  6  7  8  9 10 |
---------------+-------------------------------+-----
Long Blades    | 3 5 6 9 10 12 14 | 14.0
Shields        | 3 5 6 8 9 10 13 14 | 14.1
Dodging        | 3 5 |  5.5
Invocations    | 4 7 |  7.1
Evocations     | 3 6 |  6.6
Fighting       | 5 7 |  7.3
Armour         | 4 6 |  6.2

Action                   |  1- 3 |  4- 6 |  7- 9 | 10-12 || total
-------------------------+-------+-------+-------+-------++-------
Melee: Long sword        |    22 |    54 |    29 |       ||   105
       Scimitar          |       |       |   114 |    92 ||   206
Invok: Heroism           |       |       |     2 |       ||     2
       Finesse           |       |       |     1 |       ||     1
 Abil: Spit Poison       |     1 |       |     3 |     2 ||     6
  Use: Potion            |       |     4 |     4 |     2 ||    10
       Scroll            |       |       |     1 |       ||     1
 Stab: Distracted        |       |       |       |     1 ||     1
Armor: Scale mail        |    13 |    15 |    24 |       ||    52
       Ring mail         |       |       |    16 |    19 ||    35
Dodge: Dodged            |     8 |    16 |    23 |    36 ||    83
Block: Buckler           |     7 |    11 |    31 |    26 ||    75
